 Dungeon Crawl Stone Soup version 0.20.1-1-g8b1a95d (console) character file.

161 rafael the Ruffian (level 5, -1/41 HPs)
             Began as a Demonspawn Abyssal Knight on Aug 29, 2017.
             Was a Believer of Lugonu.
             Slain by a two-headed ogre
             ... wielding a +0 giant club
              (22 damage)
             ... on level 4 of the Dungeon.
             The game lasted 00:08:10 (1614 turns).

rafael the Ruffian (Demonspawn Abyssal Knight)      Turns: 1614, Time: 00:08:11

Health: -1/41      AC:  3    Str: 13    XL:     5   Next: 19%
Magic:  6/6        EV: 11    Int: 14    God:    Lugonu [**....]
Gold:   163        SH:  0    Dex: 12    Spells: 1/4 levels left

rFire    + + .     SeeInvis .   v - +1 dagger (venom)
rCold    . . .     Gourm    .   (no shield)
rNeg     . . .     Faith    .   a - +0 leather armour
rPois    .         Spirit   .   (helmet restricted)
rElec    .         Reflect  .   (no cloak)
rCorr    .         Harm     .   (no gloves)
MR       .....                  (no boots)
Stlth    +++.......             (no amulet)
Regen    0.2/turn               (no ring)
MPRegen  0.1/turn               (no ring)

@: no status effects
A: antennae 1, demonic guardian 1, fire resistance 2, nightstalker 1, sense
surroundings 1
a: Depart the Abyss, Bend Space, Renounce Religion


You were on level 4 of the Dungeon.
You worshipped Lugonu.
Lugonu was pleased with you.
You were not hungry.

You visited 1 branch of the dungeon, and saw 4 of its levels.
You visited the Abyss 1 time.

You collected 163 gold pieces.

Inventory:

Hand Weapons
 p - a +0 short sword
 v - a +1 dagger of venom (weapon)
Missiles
 d - 2 javelins (quivered)
 q - 2 tomahawks
 u - 12 poisoned needles
Armour
 a - a +0 leather armour (worn)
Wands
 t - a wand of flame (11/48)
Scrolls
 h - 2 scrolls of teleportation {unknown}
 i - a scroll of fog {unknown}
 k - 2 scrolls of remove curse {unknown}
 m - a scroll of amnesia {unknown}
 n - a scroll of noise {unknown}
 r - a scroll of enchant armour {unknown}
Potions
 e - a potion of mutation
 j - a potion of agility
 l - a potion of berserk rage {unknown}
 o - 4 potions of heal wounds {unknown}
Books
 s - a book of Misfortune

   Spells                             Type                      Level
   a - Confusing Touch                Hexes                        1
   b - Confuse                        Hexes                        3
   c - Gell's Gravitas                Translocation                3
   d - Petrify                        Transmutation/Earth          4
   e - Metabolic Englaciation         Hexes/Ice                    5
   f - Yara's Violent Unravelling     Hexes/Transmutation          5
Comestibles
 b - 6 bread rations
 c - 2 fruits
 f - a meat ration
 g - 3 royal jellies
 w - a chunk of flesh


   Skills:
 - Level 3.0 Fighting
 - Level 1.7 Armour
 - Level 0.8 Dodging
 + Level 2.6 Stealth
 + Level 4.1 Unarmed Combat
 - Level 2.4 Invocations


You had one spell level left.
You knew the following spells:

 Your Spells              Type           Power        Failure   Level  Hunger
a - Confuse               Hex            #.......     73%         3    ####...


Dungeon Overview and Level Annotations

Branches:
Dungeon (4/15)
 Temple: D:4-7

Altars:
Gozag
Ru
Zin

Annotations:
D:3 Grinder


Innate Abilities, Weirdness & Mutations

You have a pair of small antennae on your head.
A weak demonic guardian rushes to your aid.
You are slightly more attuned to the shadows.
Your flesh is very heat resistant. (rF++)
You passively map a small area around you.


Message History

Your ufetubus hits the phantom.
Your ufetubus barely misses the phantom.
The phantom hits your ufetubus.
You see here a scorpion corpse.
Your ufetubus hits the phantom.
Your ufetubus hits the phantom but does no damage.
The phantom hits your ufetubus but does no damage.
Your ufetubus closely misses the phantom. x2
Something barely misses your ufetubus.
Your ufetubus barely misses the phantom. x2
The phantom hits your ufetubus but does no damage.
Something misses your ufetubus.
Press: ? - help, v - describe, . - travel
Here: a two-headed ogre, wielding two giant clubs (lightly wounded)
The floor.
The frilled lizard closely misses your ufetubus.
The two-headed ogre hits you with a giant club!
The two-headed ogre hits you with a giant club!!
Ouch! That really hurt!
You die...

###.# #.#
#.#.# #.#
#.# #.#
#.... ..#
#.# #.#
###...# #.#
#.# ###
.###.* #.#
#.# #.. *
#. #.# #.#
#.#,* , #.#
#.### #.#,
#.# #...#
#.#* *, #.#
###@#####.#
* #.#
#.O..5..#
#.#
######lW##
#.# #{.W#
##.#
#..O..#
#..#
#........ ,
#.##
#$....##. *
#.#
##.....?
#.#
#.#.####* #


You could see a two-headed ogre, a phantom, a frilled lizard and a friendly
ufetubus.

Vanquished Creatures
  A scorpion (D:4)
  An orc wizard (D:2)
  An adder (D:2)
  A dart slug (D:1)
  A leopard gecko (D:2)
  An orc (D:4)
  2 ball pythons
  4 giant cockroaches
  5 goblins
  2 hobgoblins
  8 jackals
  A quokka (D:2)
  3 bats
  3 frilled lizards
  4 kobolds
  8 rats
46 creatures vanquished.

Vanquished Creatures (collateral kills)
  A scorpion (D:4)
1 creature vanquished.

Grand Total: 47 creatures vanquished

Notes
Turn   | Place    | Note
-------+----------+-------------------------------------------
     0 | Abyss:1  | rafael the Demonspawn Abyssal Knight began the quest for the Orb.
     0 | Abyss:1  | Reached XP level 1. HP: 18/18 MP: 2/2
    46 | Abyss:1  | Found a corrupted altar of Lugonu.
    83 | Abyss:1  | Noticed an insubstantial wisp
    92 | Abyss:1  | Noticed a small abomination
    95 | D:1      | Escaped the Abyss
   179 | D:1      | Reached skill level 2 in Unarmed Combat
   193 | D:1      | Reached * piety under Lugonu
   320 | D:1      | Gained mutation: You are slightly more attuned to the shadows. [demonic ancestry]
   320 | D:1      | Reached XP level 2. HP: 24/24 MP: 3/3
   500 | D:2      | Found an opulent altar of Gozag.
   609 | D:2      | Reached skill level 3 in Unarmed Combat
   715 | D:2      | Reached XP level 3. HP: 15/29 MP: 4/4
   761 | D:2      | Gained mutation: You passively map a small area around you. [potion of mutation]
   761 | D:2      | Gained mutation: Your flesh is heat resistant. (rF+) [potion of mutation]
   761 | D:2      | Gained mutation: Your flesh is very heat resistant. (rF++) [potion of mutation]
   777 | D:2      | Found a glowing silver altar of Zin.
   812 | D:2      | Found a sacrificial altar of Ru.
   831 | D:2      | Reached skill level 1 in Stealth
   860 | D:2      | Gained mutation: A weak demonic guardian rushes to your aid. [demonic ancestry]
   860 | D:2      | Reached XP level 4. HP: 20/35 MP: 5/5
   980 | D:3      | Reached ** piety under Lugonu
   987 | D:3      | Learned a level 3 spell: Confuse
  1134 | D:3      | Noticed Grinder
  1598 | D:4      | Noticed an ogre
  1600 | D:4      | Reached skill level 4 in Unarmed Combat
  1600 | D:4      | Gained mutation: You have a pair of small antennae on your head. [demonic ancestry]
  1600 | D:4      | Reached XP level 5. HP: 41/41 MP: 6/6
  1602 | D:4      | Noticed a two-headed ogre
  1602 | D:4      | Noticed a phantom
  1614 | D:4      | Slain by a two-headed ogre

Skill      XL: |  1  2  3  4 |
---------------+-------------+-----
Unarmed Combat | 2 3 4 |  4.1
Stealth        | 1 2 |  2.6
Fighting       | |  3.0
Armour         | |  1.7
Dodging        | |  0.8
Invocations    | |  2.4

Action                   |  1- 3 |  4- 6 || total
-------------------------+-------+-------++-------
Melee: Unarmed           |   147 |    33 ||   180
       Punch             |     1 |       ||     1
       Dagger            |       |     3 ||     3
Invok: Depart the Abyss  |     1 |       ||     1
Evoke: Wand              |       |     2 ||     2
  Use: Potion            |     2 |     3 ||     5
       Scroll            |     2 |       ||     2
 Stab: Sleeping          |     3 |     3 ||     6
       Distracted        |       |     1 ||     1
       Paralysed         |       |     1 ||     1
  Eat: Chunk             |       |     2 ||     2
Armor: Leather armour    |    41 |     2 ||    43
Dodge: Dodged            |    68 |    23 ||    91
